[Event "December 12 Early 2023"]
[Site "https://www.chess.com"]
[Date "2023.12.12"]
[Round "5"]
[White "Khamdamova, Afruza"]
[Black "Botea, David-Alexandru"]
[Result "1-0"]
[Board "120"]
[TimeControl "180+1"]
[WhiteFideId "14210444"]
[BlackFideId "1263293"]
[WhiteElo "2529"]
[BlackElo "2375"]
[WhiteTeam "UZB"]
[BlackTeam "ROU"]
[WhiteClock "0:00:27"]
[BlackClock "0:00:05"]

1. e4 c5 2. Nf3 d6 3. d4 cxd4 4. Nxd4 Nf6 5. Nc3 a6 6. Bg5 e6 7. Qe2 Nbd7 8. O-O-O Qc7 9. f4 b5 10. a3 Rb8 11. f5 e5 12. Nb3 b4 13. axb4 Rxb4 14. g4 a5 15. Bxf6 Nxf6 16. g5 Nxe4 17. Nd5 Qb7 18. Nxa5 Qb8 19. Nxb4 Qxb4 20. Qb5+ Qxb5 21. Bxb5+ Kd8 22. Rhf1 Kc7 23. h4 Kb6 24. Bd3 Ng3 25. Nc4+ Kc5 26. Rf3 e4 27. Rxg3 exd3 28. Ne3 dxc2 29. Kxc2 Bb7 30. Kc3 d5 31. b4+ Kd6 32. Rg4 Be7 33. Rgd4 Rc8+ 34. Kb3 f6 35. Nxd5 Bxd5+ 36. Rxd5+ Kc7 37. Rc1+ Kb8 38. Rb5+ 1-0

[Event "December 12 Early 2023"]
[Site "https://www.chess.com"]
[Date "2023.12.12"]
[Round "5"]
[White "Zeneli, Klendi"]
[Black "Guerrero Olmos, Sergio"]
[Result "1-0"]
[Board "121"]
[TimeControl "180+1"]
[WhiteFideId "4706609"]
[BlackFideId "2257238"]
[WhiteElo "2354"]
[BlackElo "2523"]
[WhiteTeam "ALB"]
[BlackTeam "ESP"]
[WhiteClock "0:01:36"]
[BlackClock "0:00:00"]

1. e4 e5 2. Nf3 d6 3. d4 Nd7 4. Bc4 Ngf6 5. Nc3 Be7 6. O-O O-O 7. Qe2 c6 8. a4 Qc7 9. Bg5 h6 10. Bh4 Re8 11. Rfd1 Nf8 12. dxe5 dxe5 13. Bg3 Ng6 14. h3 Nh5 15. Bh2 Nhf4 16. Qe3 b6 17. Ne2 Bc5 18. Qb3 Nxe2+ 19. Bxe2 Be6 20. Bc4 Rad8 21. Rxd8 Qxd8 22. Bxe6 Rxe6 23. a5 Rd6 24. Bg3 Rd1+ 25. Rxd1 Qxd1+ 26. Kh2 Nf4 27. Nxe5 Ne2 28. Qxf7+ Kh8 29. Nf3 Qxc2 30. Be5 1-0

[Event "December 12 Early 2023"]
[Site "https://www.chess.com"]
[Date "2023.12.12"]
[Round "5"]
[White "Rogov, Matfey"]
[Black "Munoz Sanchez, Miguel"]
[Result "1-0"]
[Board "122"]
[TimeControl "180+1"]
[WhiteFideId "44191308"]
[BlackFideId "3600734"]
[WhiteElo "2522"]
[BlackElo "2338"]
[WhiteTeam "RUS"]
[BlackTeam "ECU"]
[WhiteClock "0:00:25"]
[BlackClock "0:00:00"]

1. e4 c5 2. Nc3 Nc6 3. Bb5 e6 4. Bxc6 bxc6 5. d3 d5 6. f4 Nf6 7. Nf3 Be7 8. O-O c4 9. e5 Ng4 10. d4 h5 11. b3 Ba6 12. Re1 g6 13. a3 cxb3 14. cxb3 Rb8 15. b4 O-O 16. Ng5 Bc4 17. h3 Nh6 18. g4 hxg4 19. hxg4 Kg7 20. Kg2 a5 21. Rh1 Rh8 22. bxa5 Qxa5 23. Bd2 Rb2 24. Kg3 Rb3 25. Qf3 Qb6 26. Qe3 c5 27. f5 exf5 28. Rxh6 Rxh6 29. Ne6+ fxe6 30. Qxh6+ Kf7 31. Rh1 cxd4 32. Qh8 Rxc3+ 33. Bxc3 Bh4+ 34. Rxh4 1-0

[Event "December 12 Early 2023"]
[Site "https://www.chess.com"]
[Date "2023.12.12"]
[Round "5"]
[White "Storn, Justin"]
[Black "Tay, Junior"]
[Result "1-0"]
[Board "123"]
[TimeControl "180+1"]
[WhiteFideId "30922720"]
[BlackFideId "5800439"]
[WhiteElo "2337"]
[BlackElo "2522"]
[WhiteTeam "USA"]
[BlackTeam "SGP"]
[WhiteClock "0:00:07"]
[BlackClock "0:00:02"]

1. Nf3 d5 2. g3 c5 3. c4 e6 4. Bg2 Nc6 5. cxd5 exd5 6. O-O Nf6 7. d4 cxd4 8. Nxd4 Bc5 9. Nxc6 bxc6 10. Qc2 Qb6 11. Nc3 Be7 12. Na4 Qa6 13. b3 O-O 14. Be3 Re8 15. Rac1 Bd7 16. Qb2 Bd6 17. Bf3 Rxe3 18. fxe3 Re8 19. Qd4 Be5 20. Qd2 h5 21. Rc5 h4 22. Kg2 Qb7 23. Ra5 Qb8 24. e4 hxg3 25. exd5 Bf4 26. Qd3 Qe5 27. dxc6 Qxa5 28. cxd7 Rd8 29. hxg3 Bc7 30. Bc6 Qe5 31. Rc1 Ng4 32. Qf3 Ne3+ 33. Kf2 Nf5 34. Rc4 Qf6 35. Re4 Bxg3+ 36. Kg1 Qxc6 37. Re8+ Rxe8 38. Qxc6 Rd8 39. Qc8 Bh4 40. Nc5 Ne7 41. Qxd8+ Kh7 42. Qe8 Nc6 43. Nb7 Kg6 44. Qe4+ 1-0

[Event "December 12 Early 2023"]
[Site "https://www.chess.com"]
[Date "2023.12.12"]
[Round "5"]
[White "Valle Luis, Leo"]
[Black "Silvestre, Christian"]
[Result "0-1"]
[Board "124"]
[TimeControl "180+1"]
[WhiteFideId "54577187"]
[BlackFideId "30956269"]
[WhiteElo "2521"]
[BlackElo "2333"]
[WhiteTeam "ESP"]
[BlackTeam "USA"]
[WhiteClock "0:00:11"]
[BlackClock "0:00:20"]

1. e4 c5 2. Nf3 d6 3. d4 cxd4 4. Nxd4 Nf6 5. Nc3 g6 6. f3 a6 7. Be3 b5 8. a3 Bb7 9. h4 h5 10. Qd2 Nbd7 11. Be2 Rc8 12. Nb3 Ne5 13. a4 Nc4 14. Bxc4 bxc4 15. Nd4 Bg7 16. Nde2 Bc6 17. Kf2 O-O 18. a5 Rb8 19. Rhb1 Nd7 20. Nd4 Ba8 21. g3 Nc5 22. Nde2 f5 23. Bxc5 fxe4 24. Bb6 Rxb6 25. axb6 Qxb6+ 26. Ke1 Rxf3 27. Nd1 d5 28. Qa5 Qf6 29. Qd8+ Kh7 30. Qxa8 Rf1+ 31. Kd2 Bh6+ 32. Ne3 Rf3 33. Nf4 Qd4+ 34. Kc1 Qxe3+ 35. Kd1 Rf1# 0-1

[Event "December 12 Early 2023"]
[Site "https://www.chess.com"]
[Date "2023.12.12"]
[Round "5"]
[White "Teterev, Vitaly"]
[Black "Shapiro, Daniel"]
[Result "1-0"]
[Board "125"]
[TimeControl "180+1"]
[WhiteFideId "13501429"]
[BlackFideId "2001780"]
[WhiteElo "2521"]
[BlackElo "2327"]
[WhiteTeam "BLR"]
[BlackTeam "USA"]
[WhiteClock "0:00:13"]
[BlackClock "0:00:00"]

1. Nf3 Nf6 2. g3 d5 3. Bg2 e6 4. d3 Be7 5. O-O c5 6. Nbd2 Nc6 7. e4 b6 8. Re1 Bb7 9. c3 h6 10. e5 Nd7 11. h4 g5 12. hxg5 hxg5 13. g4 Qc7 14. Qe2 O-O-O 15. Nf1 Rdg8 16. Ng3 Nf8 17. d4 Ng6 18. Nh5 Nf4 19. Bxf4 gxf4 20. Nh2 cxd4 21. cxd4 Nxd4 22. Qd2 Nc6 23. Qxf4 Bg5 24. Qg3 Bd2 25. Re2 Rxh5 26. Rxd2 Rxe5 27. Rc1 Reg5 28. Qe3 Kb8 29. Rdc2 Qd6 30. f4 Rxg4 31. Nxg4 Rxg4 32. Rf2 Ne7 33. Qe5 1-0

[Event "December 12 Early 2023"]
[Site "https://www.chess.com"]
[Date "2023.12.12"]
[Round "5"]
[White "Ruge, Edison"]
[Black "Erzhanov, Arman"]
[Result "0-1"]
[Board "126"]
[TimeControl "180+1"]
[WhiteFideId "4401000"]
[BlackFideId "4138821"]
[WhiteElo "2325"]
[BlackElo "2520"]
[WhiteTeam "COL"]
[BlackTeam "KAZ"]
[WhiteClock "0:00:00"]
[BlackClock "0:01:22"]

1. e4 d6 2. d4 Nf6 3. Nc3 e5 4. dxe5 dxe5 5. Qxd8+ Kxd8 6. Be3 Be6 7. O-O-O+ Nbd7 8. f3 c6 9. a3 Kc7 10. g4 Bc5 11. Bxc5 Nxc5 12. g5 Nfd7 13. h4 b5 14. Bh3 a5 15. Bxe6 Nxe6 16. Nce2 Ndc5 17. Nh3 b4 18. Nf2 a4 19. Nd3 bxa3 20. bxa3 f6 21. Nb4 fxg5 22. hxg5 Nxg5 23. Rdg1 h6 24. f4 exf4 25. Nxf4 Ncxe4 26. Re1 Rhf8 27. Ne6+ Nxe6 28. Rxe4 Rf6 29. Rhe1 Kd6 30. Rd1+ Kc7 31. Rde1 Kd6 32. Rd1+ Kc5 33. Nd3+ Kb6 34. Ne5 Nc5 35. Rb4+ Kc7 36. Rc4 Ra5 37. Rdd4 Re6 38. Nf3 g5 39. Nd2 Re1+ 40. Kb2 Rb5+ 41. Ka2 Rd1 42. Rb4 Rxb4 43. axb4 Ne4 0-1

[Event "December 12 Early 2023"]
[Site "https://www.chess.com"]
[Date "2023.12.12"]
[Round "5"]
[White "Ernst, Luca"]
[Black "Devaev, Alexander"]
[Result "1-0"]
[Board "127"]
[TimeControl "180+1"]
[WhiteFideId "45117055"]
[BlackFideId "4169395"]
[WhiteElo "2313"]
[BlackElo "2520"]
[WhiteTeam "FRA"]
[BlackTeam "RUS"]
[WhiteClock "0:00:02"]
[BlackClock "0:00:57"]

1. Nf3 Nf6 2. c4 c5 3. Nc3 e6 4. b3 b6 5. Bb2 Bb7 6. Qc2 Be7 7. e3 Nc6 8. Be2 O-O 9. a3 d5 10. cxd5 exd5 11. d4 Rc8 12. Qf5 g6 13. Qh3 Na5 14. Rd1 Nxb3 15. dxc5 bxc5 16. Ng5 d4 17. Bc4 Qa5 18. O-O dxc3 19. Bxb3 cxb2 20. Rd7 Rc7 21. Bxf7+ Rxf7 22. Qe6 Kg7 23. Qxf7+ Kh6 24. Rxe7 Rxe7 25. Qxe7 Qb6 26. Nf7+ Kh5 27. Qe5+ Kh4 28. Qg5# 1-0

[Event "December 12 Early 2023"]
[Site "https://www.chess.com"]
[Date "2023.12.12"]
[Round "5"]
[White "Yeritsyaan"]
[Black "Fernandez Siles, Luis"]
[Result "1-0"]
[Board "128"]
[TimeControl "180+1"]
[BlackFideId "2209420"]
[WhiteElo "2520"]
[BlackElo "2315"]
[BlackTeam "ESP"]
[WhiteClock "0:00:17"]
[BlackClock "0:00:10"]

1. c4 Nf6 2. Nc3 g6 3. e4 d6 4. d3 Bg7 5. g3 O-O 6. Bg2 c5 7. Nge2 Nc6 8. O-O Bg4 9. h3 Bxe2 10. Nxe2 Ne8 11. Rb1 Nc7 12. Be3 Ne6 13. Qd2 Ned4 14. f4 Nxe2+ 15. Qxe2 Bd4 16. Kh2 Bxe3 17. Qxe3 Nd4 18. e5 Rb8 19. Rf2 a5 20. h4 h5 21. f5 dxe5 22. Qxe5 Qd6 23. Qxd6 exd6 24. fxg6 fxg6 25. Rbf1 Rxf2 26. Rxf2 Kg7 27. Bd5 Nf5 28. Re2 b5 29. b3 bxc4 30. dxc4 a4 31. bxa4 Rb4 32. Re8 Rxa4 33. Ra8 Rb4 34. a4 Rb2+ 35. Kh3 Rb3 36. a5 Nxg3 37. a6 Nf5+ 38. Kh2 Rb2+ 39. Kg1 Ne3 40. a7 Nxd5 41. Rg8+ Kxg8 42. a8=Q+ Kg7 43. Qa1 1-0

[Event "December 12 Early 2023"]
[Site "https://www.chess.com"]
[Date "2023.12.12"]
[Round "5"]
[White "Skibbe, Willi"]
[Black "Dubnevych, Maksym"]
[Result "0-1"]
[Board "129"]
[TimeControl "180+1"]
[WhiteFideId "4682190"]
[BlackFideId "14184001"]
[WhiteElo "2298"]
[BlackElo "2519"]
[WhiteTeam "GER"]
[BlackTeam "UKR"]
[WhiteClock "0:00:00"]
[BlackClock "0:00:25"]

1. e4 c5 2. c3 Nf6 3. e5 Nd5 4. Nf3 Nc6 5. Bc4 Nb6 6. Bb3 c4 7. Bc2 d5 8. exd6 Qxd6 9. O-O Bg4 10. Re1 e6 11. b3 cxb3 12. axb3 Be7 13. d4 O-O 14. Nbd2 Qc7 15. Nc4 Nxc4 16. bxc4 e5 17. d5 Na5 18. Qd3 g6 19. Nxe5 Bf5 20. Qe2 Bxc2 21. Qxc2 Bd6 22. Nd7 Qxd7 23. Rxa5 Bxh2+ 24. Kxh2 Qc7+ 25. Bf4 Qxa5 26. Qd3 Qd8 27. Qd4 Qh4+ 28. Kg1 Rfe8 29. Rb1 b6 30. g3 Qg4 31. d6 Rad8 32. c5 bxc5 33. Qxc5 Rd7 34. Qc6 Qf5 35. Rd1 g5 36. Be3 Rxe3 37. fxe3 Qg4 38. Kg2 h5 39. Rd4 Qe2+ 40. Kg1 Qxe3+ 41. Kg2 Qe6 42. Qc8+ Kg7 43. Qc5 Kg6 44. Rd5 f6 45. Qd4 Qe2+ 46. Kg1 Rb7 47. Qd3+ Qxd3 48. Rxd3 Rd7 49. c4 Kf7 50. c5 Ke6 51. Re3+ Kd5 52. Re7 Kc6 53. Kf1 a5 54. Re8 Kxc5 55. Ra8 Kxd6 56. Rxa5 Ke6 57. Kf2 Rd2+ 58. Kf3 Rd3+ 59. Kf2 Kf7 60. Ra6 Kg6 61. Kg2 Kf5 62. Rb6 Rd2+ 63. Kf3 g4+ 64. Ke3 Rg2 65. Rb5+ Kg6 66. Kf4 Rf2+ 67. Ke3 Rf3+ 68. Ke4 Rxg3 69. Rb6 Rf3 70. Rb5 h4 71. Rb2 h3 72. Rh2 f5+ 73. Ke5 Rg3 74. Kf4 Rg2 75. Rh1 h2 76. Ke3 g3 77. Kf3 Rg1 0-1

[Event "December 12 Early 2023"]
[Site "https://www.chess.com"]
[Date "2023.12.12"]
[Round "5"]
[White "Tikhonov, Viacheslav"]
[Black "Adelman, Charles"]
[Result "1-0"]
[Board "130"]
[TimeControl "180+1"]
[WhiteFideId "44196407"]
[BlackFideId "2003597"]
[WhiteElo "2519"]
[BlackElo "2283"]
[WhiteTeam "RUS"]
[BlackTeam "USA"]
[WhiteClock "0:00:05"]
[BlackClock "0:00:16"]

1. e4 Nf6 2. Nc3 d6 3. d4 Nbd7 4. Be3 e5 5. h3 Be7 6. Nge2 c6 7. a4 a5 8. g4 Qc7 9. Bg2 O-O 10. O-O g6 11. Qd2 Re8 12. Rad1 Bf8 13. f4 exd4 14. Bxd4 Bg7 15. Bf2 Nc5 16. e5 Nfd7 17. Qxd6 Qxd6 18. Rxd6 Bf8 19. Rdd1 Ne6 20. Ne4 Nec5 21. N2c3 Nxe4 22. Nxe4 Kg7 23. b3 Be7 24. Nd6 Bxd6 25. Rxd6 Nf8 26. Bd4 Kg8 27. f5 Bd7 28. e6 fxe6 29. fxg6 hxg6 30. Rxf8+ Rxf8 31. Rxd7 Rf7 32. Rxf7 Kxf7 33. Bf3 Rd8 34. Bc3 Rd7 35. Bxa5 Rd4 36. Kf2 Ke7 37. Bc3 Rd7 38. Bb4+ Kf7 39. Ke3 Kf6 40. Bc3+ Kg5 41. Be1 Rf7 42. h4+ Kf6 43. Bc3+ Ke7 44. g5 Rf5 45. Be4 Rf1 46. Bxg6 Rh1 47. Bf6+ Kd6 48. h5 Rh3+ 49. Kf2 Rh2+ 50. Kg3 Rd2 51. h6 Rd1 52. h7 Rh1 53. h8=Q 1-0

[Event "December 12 Early 2023"]
[Site "https://www.chess.com"]
[Date "2023.12.12"]
[Round "5"]
[White "Player, Edmund C"]
[Black "Play, Gilles"]
[Result "1/2-1/2"]
[Board "131"]
[TimeControl "180+1"]
[WhiteFideId "406520"]
[BlackFideId "45130892"]
[WhiteElo "2273"]
[BlackElo "2518"]
[WhiteTeam "ENG"]
[BlackTeam "FRA"]
[WhiteClock "0:00:07"]
[BlackClock "0:00:03"]

1. Nc3 e5 2. e4 Nf6 3. Bc4 Nc6 4. d3 Bc5 5. h3 d6 6. Nge2 h6 7. O-O g5 8. Ng3 g4 9. Kh2 gxh3 10. gxh3 Qd7 11. Nf5 Nd4 12. f4 Nxf5 13. exf5 Qxf5 14. Qf3 Rg8 15. fxe5 Bg1+ 16. Kh1 Qxe5 17. Bf4 Qh5 18. Rae1+ Kd8 19. Qxh5 Nxh5 20. Bxf7 Ng3+ 21. Bxg3 Rxg3 22. Re8+ Kd7 23. Rxg1 Rxh3+ 24. Kg2 Rh4 25. Kg3 Rb4 26. b3 Kc6 27. a3 Rg4+ 28. Kh2 Rf4 29. Bd5+ Kb6 30. Be6 Rf2+ 31. Kg3 Rxc2 32. Na4+ Ka5 33. Rxc8 Rxc8 34. Bxc8 b5 35. Rg2 Rxg2+ 36. Kxg2 bxa4 37. Be6 axb3 38. Bxb3 Kb5 39. Kf3 a5 40. Ke4 Kc5 41. d4+ Kb5 42. Kd5 h5 43. Ke4 c5 44. dxc5 dxc5 45. Kf4 c4 46. Bc2 c3 47. Kg5 Kc4 48. Kxh5 Kd4 49. Kg4 Ke3 50. Kf5 Kd2 51. Ba4 c2 52. Bxc2 Kxc2 53. Ke4 Kb3 54. Kd3 Kxa3 55. Kc3 a4 56. Kc2 Ka2 57. Kc1 a3 58. Kc2 Ka1 59. Kc1 a2 60. Kc2 1/2-1/2

[Event "December 12 Early 2023"]
[Site "https://www.chess.com"]
[Date "2023.12.12"]
[Round "5"]
[White "Manukyan, Artyom"]
[Black "Rodriguez Avila, Alvaro"]
[Result "1-0"]
[Board "132"]
[TimeControl "180+1"]
[WhiteFideId "13305786"]
[BlackFideId "24570249"]
[WhiteElo "2516"]
[BlackElo "2258"]
[WhiteTeam "ARM"]
[BlackTeam "ESP"]
[WhiteClock "0:01:02"]
[BlackClock "0:00:04"]

1. e4 c5 2. Nf3 g6 3. c3 Bg7 4. d4 cxd4 5. cxd4 d5 6. e5 Nc6 7. h3 Bf5 8. Nc3 Be4 9. Be2 Bxf3 10. Bxf3 e6 11. O-O Nge7 12. Bg5 O-O 13. g4 f6 14. exf6 Bxf6 15. Bxf6 Rxf6 16. Bg2 Qd6 17. Qd2 Raf8 18. Rae1 Rf4 19. Ne2 R4f6 20. Qe3 Kg7 21. f4 Nc8 22. b3 N8e7 23. Rf2 Nb4 24. Qd2 Nbc6 25. Ref1 R6f7 26. Ng3 Qb4 27. Qxb4 Nxb4 28. h4 Nd3 29. Rc2 Nxf4 30. Re1 Nc6 31. Rd2 Re7 32. Bf1 e5 33. Bb5 e4 34. Rc1 Rc8 35. Ne2 Nxe2+ 36. Rxe2 Nxd4 37. Rxc8 Nxe2+ 38. Bxe2 d4 39. Bc4 d3 40. g5 d2 41. Rg8# 1-0

[Event "December 12 Early 2023"]
[Site "https://www.chess.com"]
[Date "2023.12.12"]
[Round "5"]
[White "NastyaHn"]
[Black "Womacka, Mathias"]
[Result "0-1"]
[Board "133"]
[TimeControl "180+1"]
[BlackFideId "4611390"]
[WhiteElo "2255"]
[BlackElo "2516"]
[BlackTeam "GER"]
[WhiteClock "0:00:00"]
[BlackClock "0:00:09"]

1. Nc3 c5 2. Nf3 d5 3. d4 cxd4 4. Qxd4 Nf6 5. e4 Nc6 6. Bb5 e6 7. exd5 exd5 8. Bg5 Be7 9. O-O O-O 10. Qd1 Bg4 11. h3 Bh5 12. Be2 Rc8 13. Bxf6 Bxf6 14. Nxd5 Bxb2 15. Rb1 Ba3 16. Rxb7 Qd6 17. c4 Rfe8 18. Re1 Bc5 19. Rb2 Qg3 20. Rf1 Bxf3 21. Bxf3 Ne5 22. Kh1 Qh4 23. Qd2 Nxc4 24. Qc3 Nxb2 25. Qxb2 Bd4 26. Qd2 Rcd8 0-1

[Event "December 12 Early 2023"]
[Site "https://www.chess.com"]
[Date "2023.12.12"]
[Round "5"]
[White "Goldin, Roman"]
[Black "Skiadopoulos, Nikolaos"]
[Result "1-0"]
[Board "134"]
[TimeControl "180+1"]
[WhiteFideId "2803860"]
[BlackFideId "4200772"]
[WhiteElo "2440"]
[BlackElo "1748"]
[WhiteTeam "ISR"]
[BlackTeam "GRE"]
[WhiteClock "0:00:06"]
[BlackClock "0:00:00"]

1. e4 c5 2. Nf3 Nc6 3. c3 Nf6 4. e5 Nd5 5. g3 g6 6. Bg2 Bg7 7. O-O O-O 8. Re1 d6 9. exd6 exd6 10. d4 cxd4 11. Nxd4 Nxd4 12. Bxd5 Nc6 13. Be3 Ne5 14. Nd2 Bg4 15. f3 Be6 16. Qb3 Qd7 17. Rad1 Nd3 18. Re2 Bxd5 19. Qxd5 Nxb2 20. Rb1 Na4 21. Rxb7 Qc8 22. Ne4 Nxc3 23. Nxc3 Qxc3 24. Kf2 a5 25. Rxf7 Rxf7 26. Qxa8+ Rf8 27. Qd5+ Kh8 28. h4 Qe5 29. Qxe5 Bxe5 30. Bh6 Rb8 31. Rc2 Rb2 32. Rxb2 Bxb2 33. Ke2 Kg8 34. Kd3 Kf7 35. g4 Ke6 36. Kc4 d5+ 37. Kb5 Bc3 38. a4 Ke5 39. Bg7+ Kf4 40. Bxc3 Kxf3 41. Kxa5 Kxg4 42. Kb5 Kxh4 43. a5 g5 44. a6 g4 45. a7 g3 46. a8=Q g2 47. Bd4 1-0

[Event "December 12 Early 2023"]
[Site "https://www.chess.com"]
[Date "2023.12.12"]
[Round "5"]
[White "Martinez Ramirez, Lennis"]
[Black "BestestBP"]
[Result "1-0"]
[Board "135"]
[TimeControl "180+1"]
[WhiteFideId "3509079"]
[WhiteElo "2674"]
[BlackElo "2143"]
[WhiteTeam "CUB"]
[WhiteClock "0:02:10"]
[BlackClock "0:00:03"]

1. d3 d5 2. Nd2 e5 3. e4 dxe4 4. Nxe4 Bf5 5. Ng3 Bg6 6. h4 h5 7. Be2 Be7 8. Nxh5 Bxh5 9. Bxh5 Nf6 10. Bf3 c6 11. h5 Na6 12. Qe2 Qc7 13. Nh3 O-O-O 14. Ng5 Bc5 15. Bd2 Rhe8 16. Ne4 Nd5 17. Bg4+ Kb8 18. Nxc5 Nxc5 19. O-O-O e4 20. dxe4 Rxe4 21. Qf3 Ra4 22. a3 Ka8 23. h6 gxh6 24. Rxh6 a6 25. Rdh1 Ne4 26. Rh8 Nxd2 27. Kxd2 Nf6+ 28. Qd3 Rd4 29. Qxd4 Nxg4 30. Qxd8+ Qxd8+ 31. Rxd8+ 1-0

[Event "December 12 Early 2023"]
[Site "https://www.chess.com"]
[Date "2023.12.12"]
[Round "5"]
[White "Marchesich, Giovanni"]
[Black "Kislinsky, Alexey"]
[Result "1/2-1/2"]
[Board "136"]
[TimeControl "180+1"]
[WhiteFideId "2824790"]
[BlackFideId "14108801"]
[WhiteElo "2418"]
[BlackElo "2650"]
[WhiteTeam "ITA"]
[BlackTeam "CZE"]
[WhiteClock "0:00:04"]
[BlackClock "0:00:10"]

1. e4 c5 2. Nf3 Nc6 3. Bc4 e6 4. O-O a6 5. Re1 b5 6. Bf1 Be7 7. c3 Nf6 8. e5 Nd5 9. d4 cxd4 10. cxd4 O-O 11. Nc3 Nxc3 12. bxc3 Bb7 13. Bd3 d6 14. Bf4 dxe5 15. Nxe5 Nxe5 16. Bxe5 Bf6 17. Qh5 g6 18. Qh3 Bxe5 19. Rxe5 Rc8 20. Be4 Bxe4 21. Rxe4 Qf6 22. Rae1 Rfd8 23. Qe3 Rd5 24. g4 Kg7 25. f4 h5 26. g5 Qf5 27. Re5 Qg4+ 28. Kh1 Rxe5 29. fxe5 b4 30. cxb4 Rc2 31. Rg1 Qf5 32. a4 Ra2 33. b5 Rxa4 34. bxa6 Rxa6 35. Qe2 Ra4 36. Rf1 Qxg5 37. Qf2 Qf5 38. Qe2 Qg4 39. Qxg4 hxg4 40. Rf4 Ra1+ 41. Kg2 Ra2+ 42. Kg3 Ra3+ 43. Kxg4 Rd3 44. Re4 Rd1 45. h4 Kh6 46. Rf4 Kg7 47. Kf3 Rd3+ 48. Ke4 Rd1 49. Ke3 Kf8 50. Ke4 Ke7 51. Ke3 Rg1 52. Ke4 Ra1 53. Ke3 Ra8 54. Ke4 Ra7 55. Rf2 Kf8 56. Kf4 Kg7 57. Ke4 Kh6 58. d5 exd5+ 59. Kxd5 Kh5 60. Rh2 Ra4 61. Rf2 Ra7 62. Rf4 Rd7+ 63. Kc6 Ra7 64. Kd6 Kh6 65. Kd5 Kg7 66. Ke4 Ra4+ 67. Ke3 Ra3+ 68. Ke4 Rh3 69. Kd5 Rd3+ 70. Ke4 Rd7 71. Rf3 Ra7 72. Kd5 Ra4 73. Rh3 Rf4 74. e6 Rf5+ 75. Kd6 Rf6 76. Re3 fxe6 77. Re4 Kf7 78. Ke5 Rf5+ 79. Kd6 Rd5+ 80. Kc6 Kf6 81. Rf4+ Rf5 82. Re4 Rd5 83. Rf4+ Ke5 84. Rg4 Kf6 85. Rf4+ 1/2-1/2

[Event "December 12 Early 2023"]
[Site "https://www.chess.com"]
[Date "2023.12.12"]
[Round "5"]
[White "Ambartsumova, Karina"]
[Black "Dyulgerov, Volen"]
[Result "1-0"]
[Board "137"]
[TimeControl "180+1"]
[WhiteFideId "4166299"]
[BlackFideId "2918978"]
[WhiteElo "2639"]
[BlackElo "2413"]
[WhiteTeam "RUS"]
[BlackTeam "BUL"]
[WhiteClock "0:01:32"]
[BlackClock "0:00:44"]

1. d4 e5 2. dxe5 d6 3. Nf3 Nc6 4. Bf4 Bg4 5. exd6 Qf6 6. Qc1 O-O-O 7. dxc7 Rd5 8. Nc3 Bb4 9. e4 Bxf3 10. gxf3 Nge7 11. exd5 Nxd5 12. Bh3+ Qf5 13. Bxf5# 1-0

[Event "December 12 Early 2023"]
[Site "https://www.chess.com"]
[Date "2023.12.12"]
[Round "5"]
[White "Tanriverdi, Enes"]
[Black "Skaric, Djuro"]
[Result "1-0"]
[Board "138"]
[TimeControl "180+1"]
[WhiteFideId "34543279"]
[BlackFideId "934569"]
[WhiteElo "2620"]
[BlackElo "2406"]
[WhiteTeam "TUR"]
[BlackTeam "SRB"]
[WhiteClock "0:00:33"]
[BlackClock "0:00:26"]

1. e4 d6 2. Nf3 g6 3. d4 Bg7 4. Nc3 Nf6 5. Bc4 O-O 6. Qe2 Nc6 7. h3 e5 8. dxe5 Nxe5 9. Nxe5 dxe5 10. O-O h6 11. b3 c6 12. Rd1 Qe7 13. a4 Rd8 14. Rxd8+ Qxd8 15. Ba3 Bf8 16. Bxf8 Qxf8 17. Qe3 Kg7 18. Rd1 Qe7 19. a5 Nh5 20. Ne2 Be6 21. Bxe6 Qxe6 22. Qd2 Re8 23. Qd7 Qe7 24. Qxe7 Rxe7 25. Rd8 Nf4 26. Kf1 Ne6 27. Rd2 f5 28. Nc3 Nd4 29. exf5 gxf5 30. Ne2 Nxe2 31. Kxe2 Kf6 32. Ke3 Ke6 33. Rd8 Rd7 34. Rxd7 Kxd7 35. f4 Ke6 36. fxe5 Kxe5 37. g3 b6 38. axb6 axb6 39. Kf3 b5 40. b4 h5 41. Ke3 Kd5 42. Kf4 Kc4 43. Kxf5 Kxb4 44. g4 hxg4 45. hxg4 Kc3 46. g5 Kxc2 47. g6 b4 48. g7 c5 49. g8=Q Kc3 50. Qg3+ Kb2 51. Qf2+ Kb3 52. Qxc5 1-0

[Event "December 12 Early 2023"]
[Site "https://www.chess.com"]
[Date "2023.12.12"]
[Round "5"]
[White "Kavyev, Ruslan"]
[Black "Barath1308"]
[Result "1-0"]
[Board "139"]
[TimeControl "180+1"]
[WhiteFideId "34110981"]
[WhiteElo "2599"]
[BlackElo "2365"]
[WhiteTeam "RUS"]
[WhiteClock "0:00:40"]
[BlackClock "0:00:10"]

1. d4 Nf6 2. c4 g6 3. Nc3 Bg7 4. e4 d6 5. Be2 O-O 6. Be3 Nbd7 7. Nf3 e5 8. d5 a5 9. Nd2 Nc5 10. g4 Kh8 11. h4 Ng8 12. h5 g5 13. Nf1 h6 14. Ng3 a4 15. Bxc5 dxc5 16. Nxa4 Qd6 17. Nc3 Qb6 18. Qc2 Nf6 19. f3 Ne8 20. Kf2 Nd6 21. Kg2 Bd7 22. a3 Ra7 23. Rab1 Rfa8 24. Bd3 Ba4 25. b3 Bd7 26. a4 Rf8 27. Rhc1 Ra5 28. Nb5 Bxb5 29. cxb5 c4 30. bxc4 Qc5 31. Qe2 Rfa8 32. Bc2 Qxc4 33. Qxc4 Nxc4 34. Nf5 Bf8 35. Bd1 Nd6 36. Rxc7 Nxf5 37. gxf5 Kg7 38. Rxb7 Bc5 39. Rc1 Bd4 40. Rcc7 Rf8 41. Bb3 g4 42. d6 gxf3+ 43. Kxf3 Kf6 44. Rxf7+ Rxf7 45. Rxf7+ Kg5 46. d7 Ra8 47. Rg7+ Kxh5 48. f6 Rf8 49. f7 Bb6 50. Rg8 Rxf7+ 51. Bxf7+ Kh4 52. d8=Q+ Bxd8 53. Rxd8 1-0

[Event "December 12 Early 2023"]
[Site "https://www.chess.com"]
[Date "2023.12.12"]
[Round "5"]
[White "Tasev, Dejan"]
[Black "Chlpik, Martin"]
[Result "0-1"]
[Board "140"]
[TimeControl "180+1"]
[WhiteFideId "936618"]
[BlackFideId "14923351"]
[WhiteElo "2579"]
[BlackElo "2338"]
[WhiteTeam "SRB"]
[BlackTeam "SVK"]
[WhiteClock "0:00:26"]
[BlackClock "0:00:54"]

1. e4 c5 2. Nf3 d6 3. Nc3 Nf6 4. d4 cxd4 5. Nxd4 a6 6. Bc4 e6 7. Bb3 Nbd7 8. f3 Nc5 9. Be3 Be7 10. Qd2 Qc7 11. O-O-O O-O 12. g4 b5 13. a3 Bd7 14. h4 a5 15. h5 b4 16. g5 bxc3 17. Qxc3 Nxb3+ 18. Qxb3 Rfb8 19. Qa2 Ne8 20. g6 Rc8 21. c3 Rab8 22. h6 hxg6 23. hxg7 Nxg7 24. Rh2 d5 25. Rdh1 Nh5 26. exd5 Qe5 27. Re2 Ng3 28. Rhe1 Nxe2+ 29. Rxe2 Bg5 30. Bxg5 Qxg5+ 31. Kc2 e5 32. Nc6 Bf5+ 33. Kd1 Rxc6 34. dxc6 Rd8+ 0-1

[Event "December 12 Early 2023"]
[Site "https://www.chess.com"]
[Date "2023.12.12"]
[Round "5"]
[White "IranianCheetah"]
[Black "Ginzburg, Yakov"]
[Result "0-1"]
[Board "141"]
[TimeControl "180+1"]
[BlackFideId "4157176"]
[WhiteElo "2330"]
[BlackElo "2543"]
[BlackTeam "RUS"]
[WhiteClock "0:00:00"]
[BlackClock "0:00:26"]

1. e4 c5 2. Nf3 a6 3. c4 e6 4. Nc3 Nc6 5. d4 cxd4 6. Nxd4 Qc7 7. Be2 Nf6 8. O-O Bc5 9. Be3 Ba7 10. Rc1 Ne5 11. f4 Ng6 12. e5 Ng8 13. Bf3 N8e7 14. Ne4 O-O 15. Nd6 f6 16. c5 fxe5 17. fxe5 Nxe5 18. b4 Rb8 19. Be4 Rf6 20. Qh5 N7g6 21. Ne8 Qd8 22. Nxf6+ gxf6 23. Nf3 f5 24. Nxe5 Nxe5 25. Rxf5 exf5 26. Bd5+ Kh8 27. Qxf5 d6 28. Bd4 Bxf5 29. Rf1 Bg6 30. Kh1 Qe7 31. Re1 Re8 0-1